 Dungeon Crawl Stone Soup version 0.23-a0-644-gb60d84b (webtiles) character file.

37 Borgoz the Skirmisher (level 3, -4/33 HPs)
             Began as a Ghoul Abyssal Knight on Jan 1, 2019.
             Was a Follower of Lugonu.
             Slain by a hobgoblin (6 damage)
             ... led by Robin
             ... on level 2 of the Dungeon.
             The game lasted 00:01:58 (793 turns).

Borgoz the Skirmisher (Ghoul Abyssal Knight)         Turns: 793, Time: 00:01:59

Health: -4/33      AC:  5    Str: 15    XL:     3   Next: 39%
Magic:  3/3        EV: 11    Int:  7    God:    Lugonu [*.....]
Gold:   98         SH:  0    Dex:  9    Spells: 2/2 levels left

rFire    . . .     SeeInvis .   a - +1 hand axe
rCold    + . .     Gourm    .   (no shield)
rNeg     + + +     Faith    .   b - +0 leather armour
rPois    ∞         Spirit   .   e - +2 hat
rElec    .         Reflect  .   d - scarf {cloud immunity}
rCorr    .         Harm     .   (no gloves)
MR       .....                  (no boots)
Stlth    +.........             (no amulet)
HPRegen  0.00/turn              (no ring)
MPRegen  0.08/turn              (no ring)

@: rotting
A: rotting body, claws 1, carnivore, cold resistance 1, negative energy
resistance 3, inhibited regeneration, torment resistance, unbreathing
a: Depart the Abyss, Renounce Religion


You were on level 2 of the Dungeon.
You worshipped Lugonu.
Lugonu was aware of your devotion.
You were not hungry.

You visited 1 branch of the dungeon, and saw 2 of its levels.
You visited the Abyss 1 time.

You collected 98 gold pieces.

Inventory:

Hand Weapons
 a - a +1 hand axe (weapon)
Armour
 b - a +0 leather armour (worn)
 d - a scarf of cloud immunity (worn)
 e - a +2 hat (worn)
 k - a +0 hat
Jewellery
 h - a +3 ring of intelligence {unknown}
Scrolls
 f - 2 scrolls of teleportation {unknown}
Potions
 i - a potion of haste {unknown}
 j - a potion of curing {unknown}
 l - a potion of berserk rage {unknown}
 m - a potion of resistance {unknown}
Comestibles
 c - 3 rations
 n - 6 chunks of flesh


   Skills:
 + Level 3.7 Fighting
 + Level 2.2 Axes
 + Level 2.2 Armour
 + Level 1.6 Dodging
 - Level 2.0 Invocations


You had 2 spell levels left.
You didn't know any spells.
Your spell library was empty.

Dungeon Overview and Level Annotations

Branches:
Dungeon (2/15)

Altars:

Annotations:
D:2 Robin


Innate Abilities, Weirdness & Mutations

Your body is rotting away.
You thrive on raw meat.
You are immune to poison.
You have sharp fingernails.
You are carnivorous and can eat meat at any time.
Your flesh is cold resistant. (rC+)
You are immune to negative energy. (rN+++)
You do not regenerate when monsters are visible.
You are immune to unholy pain and torment.
You can survive without breathing.


Message History

You kill the goblin!
Lugonu accepts your kill.
You barely miss the bat. You closely miss the hobgoblin.
You closely miss the goblin. The bat hits you but does no damage.
The bat closely misses you. The goblin closely misses you.
The hobgoblin hits you.
You closely miss the bat. You barely miss the goblin. You hit the kobold.
You closely miss the hobgoblin. You hit the goblin.
The bat hits you but does no damage.
The goblin hits you with a +0 dagger of protection.
* * * LOW HITPOINT WARNING * * *
The hobgoblin barely misses you. The kobold misses you. The goblin hits you.
* * * LOW HITPOINT WARNING * * *
The goblin hits you with a +0 dagger of protection.
* * * LOW HITPOINT WARNING * * *
The hobgoblin hits you but does no damage.
It was a potion of magic.
Magic courses through your body. The bat hits you but does no damage.
The kobold barely misses you. The goblin hits you but does no damage.
The hobgoblin hits you.
You die...

#######.###
......))..#
..........#
..........#
.........(#
..........#
.######b###
..#####)##
......g@g#
.....(Kgg#
.......gg########
....%...r(.......
........?........
##..###+#........
##. ......... #
.........
..........


You could see Robin, a quokka, 2 hobgoblins, 3 goblins, a bat and a kobold.

Vanquished Creatures
  An adder (D:2)
  A dart slug (D:1)
  A leopard gecko (D:1)
  2 giant cockroaches
  7 goblins
  5 hobgoblins
  2 bats (D:1)
  2 kobolds (D:2)
  4 rats
25 creatures vanquished.

Notes
Turn   | Place    | Note
-------+----------+-------------------------------------------
     0 | Abyss:1  | Borgoz the Ghoul Abyssal Knight began the quest for the
                  | Orb.
     0 | Abyss:1  | Reached XP level 1. HP: 19/19 MP: 1/1
    92 | Abyss:1  | Noticed a small abomination
    99 | Abyss:1  | Noticed an iron imp
   101 | D:1      | Escaped the Abyss
   146 | D:1      | Reached skill level 1 in Dodging
   217 | D:1      | Reached * piety under Lugonu
   226 | D:1      | Reached XP level 2. HP: 16/25 MP: 2/2
   776 | D:2      | Reached XP level 3. HP: 17/31 MP: 3/3
   781 | D:2      | Noticed Robin
   793 | D:2      | Slain by a hobgoblin

Vault maps used:
D:1:      minmay_arrival_hallway
D:2:      overflow_temple_1_default, gammafunk_temple_overflow_wave,
          first_ration, uniq_robin

Skill      XL: |  1  2 |
---------------+-------+-----
Dodging        | 1 |  1.6
Armour         | 2 |  2.2
Axes           | 2 |  2.2
Fighting       | |  3.7
Invocations    | |  2.0

Action                   || total
-------------------------++-------
Melee: Hand axe          ||    68
Invok: Depart the Abyss  ||     1
  Use: Potion            ||     1
  Eat: Chunk             ||     5
Armor: Leather armour    ||    50
Dodge: Dodged            ||    49

Table legend:
 A = Non-vault XP
 B = Vault XP
 C = Vault XP percentage of total XP
 D = Non-vault monster count
 E = Vault monster count
 F = Vault count percentage of total count
                 A         B        C        D         E       F
            +---------+---------+-------+---------+---------+-------
      Total |      47 |       6 |  11.3 |      21 |       4 |  16.0
            +---------+---------+-------+---------+---------+-------
        D:1 |      23 |       0 |   0.0 |      13 |       0 |   0.0
        D:2 |      24 |       6 |  20.0 |       8 |       4 |  33.3
            +---------+---------+-------+---------+---------+-------
